 Dungeon Crawl Stone Soup version 0.32-a0-913-g739538afd8 (webtiles) character file.

Game seed: 13315577349593545627

182 Biggs the Changeling (level 5, -1/33 HPs)
             Began as an Octopode Shapeshifter on Apr 8, 2024.
             Slain by Eustachio
             ... wielding a +3 rapier of holy wrath
              (7 damage)
             ... on level 4 of the Dungeon.
             The game lasted 00:03:00 (1598 turns).

Biggs the Changeling (Octopode Shapeshifter)        Turns: 1598, Time: 00:03:01

Health: -1/33      AC:  1    Str: 16    XL:     5   Next: 62%
Magic:  5/5        EV: 12    Int: 12    God:
Gold:   96         SH:  0    Dex: 11    Spells: 4/4 levels left

rFire   . .          .
                       - Unarmed
rCold   . . .        (no shield)
rNeg    . . .        (helmet currently unavailable)
rPois   .            (no amulet)
rElec   .            (no ring)
rCorr   .            (no ring)
SInv    .            (no ring)
Will    .....        (no ring)
Stlth   ++           (no ring)
HPRegen 0.25/turn    (no ring)
MPRegen 0.09/turn    (no ring)
                     (no ring)

%: no passive effects
@: beast-form
A: beast (slay +3), almost no armour, amphibious, 8 rings, camouflage 1,
gelatinous body 1, (nimble swimmer 1), tentacles
a: Begin Untransformation


You were on level 4 of the Dungeon.
You were a hulking beast.
You visited 1 branch of the dungeon, and saw 4 of its levels.

You collected 96 gold pieces.

Inventory:

Talismans
 b - a beast talisman (active)
 c - a flux talisman
Scrolls
 f - a scroll of enchant weapon {unknown}
 g - 2 scrolls of immolation {unknown}
 h - a scroll of identify {unknown}
 i - a scroll of revelation {unknown}
 j - a scroll of teleportation {unknown}
 k - a scroll of vulnerability {unknown}
Potions
 a - a potion of lignification
 d - a potion of cancellation {unknown}
 e - a potion of heal wounds {unknown}
 l - 2 potions of curing {unknown}
 m - a potion of degeneration {unknown}
 n - a potion of haste {unknown}


   Skills:
 - Level 1.0 Fighting
 - Level 2.0 Dodging
 - Level 3.0 Unarmed Combat
 + Level 5.7 Shapeshifting


You had 4 spell levels left.
You didn't know any spells.
Your spell library was empty.

Dungeon Overview and Level Annotations

Branches:
Dungeon (4/15)
 Temple: D:4-7

Altars:

Annotations:
D:4 Eustachio, Sigmund


Innate Abilities, Weirdness & Mutations

You are a hulking beast.
Your limbs bulge with bestial killing power. (Slay +3)
You cannot wear most types of armour.
You are amphibious.
You can wear up to eight rings at the same time.
Your skin changes colour to match your surroundings (Stealth+).
Your rubbery body absorbs attacks. (AC +1, EV +1)
((You are camouflaged when in or above water. (Stealth+)))
You have tentacles for arms and can constrict up to eight enemies at once.


Message History

You squeeze the giant cockroach.
You kill the giant cockroach!
Eustachio shouts!
You hear a shout!
You barely miss Eustachio. Your grab misses Eustachio.
Eustachio hits you with a +3 rapier of holy wrath!
You tentacle-slap Eustachio but do no damage.
You grab Eustachio. You constrict Eustachio.
Eustachio mumbles some strange words.
Unknown command.
You tentacle-slap Eustachio.
Eustachio is moderately wounded.
You constrict Eustachio.
Eustachio casts a spell.
Eustachio blinks free of you.
Eustachio blinks free!
You tentacle-slap the white imp. Your grab misses the white imp.
The white imp is heavily wounded.
The white imp lashes its tail.
The white imp misses you.
You tentacle-slap the white imp. Your grab misses the white imp.
The white imp is almost dead.
The white imp hits you. The white imp freezes you.
You tentacle-slap the white imp.
You kill the white imp!
The white imp disappears in a puff of smoke!
You tentacle-slap Eustachio. You grab Eustachio.
Eustachio is moderately wounded.
You constrict Eustachio. Eustachio barely misses you.
Unknown command.
You tentacle-slap Eustachio but do no damage.
Eustachio is heavily wounded.
You constrict Eustachio.
Eustachio hits you with a +3 rapier of holy wrath!
* * * LOW HITPOINT WARNING * * *
Unknown command.
You tentacle-slap Eustachio. You squeeze Eustachio!
Eustachio is almost dead.
You constrict Eustachio.
Eustachio hits you with a +3 rapier of holy wrath!
You die...
Eustachio says, "Such is the fate of all honourless rascals."

...#....## ..........
...... ...B...### ##
....# ..g....@.. .##
....# .#S# .. ....###
#..# @####.....
...#########........###.#
#....)).....#####@......#
..##.######.....h.#
###.## ######### #.# #.#
##


You could see Eustachio.

Vanquished Creatures
  A hound (D:2)
  5 gnolls
  3 adders (D:2)
  3 ribbon worms
  8 dart slugs (D:3)
  5 ball pythons
  4 endoplasms (D:1)
  A giant cockroach (D:4)
  3 goblins
  4 hobgoblins
  4 jackals
  2 quokkas (D:1)
  8 bats
  2 frilled lizards
  4 kobolds
  2 rats
59 creatures vanquished.

Notes
Turn   | Place    | Note
-------+----------+-------------------------------------------
     0 | D:1      | Biggs the Octopode Shapeshifter began the quest for the
                  | Orb.
     0 | D:1      | Reached XP level 1. HP: 13/13 MP: 1/1
    48 | D:1      | Reached XP level 2. HP: 18/18 MP: 2/2
   471 | D:1      | Reached XP level 3. HP: 12/23 MP: 3/3
   604 | D:2      | Reached skill level 4 in Shapeshifting
   700 | D:2      | Reached XP level 4. HP: 22/28 MP: 4/4
  1318 | D:2      | Found a faded altar of an unknown god.
  1339 | D:2      | Reached skill level 5 in Shapeshifting
  1433 | D:3      | Reached XP level 5. HP: 26/33 MP: 5/5
  1555 | D:3      | Noticed an ogre
  1559 | D:4      | Noticed Eustachio
  1570 | D:4      | Noticed Sigmund
  1598 | D:4      | Slain by Eustachio

Illustrated notes

Levels and vault maps discovered:
D:1:      dpeg_arrival_arbitrary_c, layout_rooms, nrook_uturn
D:2:      layout_basic, hellmonk_ecumenical_altar_leap_of_faith, minmay_3d_cube
D:3:      kennysheep_slugbush, layout_rooms, chequers_serial_rivers_large_b
D:4:      kennysheep_goblin_castle, layout_loops_ring, skrybe_limestone_x,
          corexii_item_surrounded_by_moat, reono_crystal_passage,
          serial_bayou_lagoon_a, kennysheep_donut, uniq_eustachio, uniq_sigmund,
          uniq_natasha

Skill      XL: |  1  2  3  4 |
---------------+-------------+-----
Shapeshifting  | 4 5 |  5.7
Fighting       | |  1.0
Dodging        | |  2.0
Unarmed Combat | |  3.0

Action                     |  1- 3 |  4- 6 || total
---------------------------+-------+-------++-------
  Melee: Unarmed           |    46 |    59 ||   105
         Tentacles         |     7 |    16 ||    23
         Constrict         |     9 |    24 ||    33
         Punch             |     1 |     5 ||     6
   Stab: Sleeping          |     7 |     4 ||    11
 Armour: Skin              |    32 |    26 ||    58
  Dodge: Dodged            |    24 |    37 ||    61

Table legend: (Time is in decaauts)
 A = Elapsed time spent in this place.
 B = Non-inter-level travel time spent in this place.
 C = Inter-level travel time spent in this place.
 D = Time resting spent in this place.
 E = Time spent auto-exploring this place.
 F = Levels seen in this place.
 G = Mean time per level.
                   A        B        C        D        E       F      G
               +--------+--------+--------+--------+--------+-----+--------+
         Total |   1591 |   1558 |     33 |      0 |   1175 |   4 |  397.8 |
       Dungeon |   1591 |   1558 |     33 |      0 |   1175 |   4 |  397.8 |
               +--------+--------+--------+--------+--------+-----+--------+

Top non-repeatable levels by time:
     D:2: 799 daAuts
     D:1: 553 daAuts
     D:3: 201 daAuts
     D:4: 37 daAuts
